 Dungeon Crawl Stone Soup version 0.30-a0-263-ge22c4ad894 (webtiles) character file.

Game seed: 1464223245329752963

133 sscrono2 the Sneak (level 5, -3/36 HPs)
             Began as an Octopode Delver on Oct 13, 2022.
             Slain by a bullfrog (7 damage)
             ... in a sewer.
             The game lasted 00:01:43 (528 turns).

sscrono2 the Sneak (Octopode Delver)                 Turns: 528, Time: 00:01:44

Health: -3/36      AC:  1    Str: 13    XL:     5   Next: 16%
Magic:  5/5        EV: 13    Int: 12    God:
Gold:   13         SH:  0    Dex: 14    Spells: 4/4 levels left

rFire   . . .      SeeInvis .      - Unarmed
rCold   . . .      Faith    .    (no shield)
rNeg    . . .      Spirit   .    (helmet restricted)
rPois   .          Reflect  .    (no amulet)
rElec   .          Harm     .    (no ring)
rCorr   .          Rampage  .    (no ring)
Will    .....                    (no ring)
Stlth   +++++.....               (no ring)
HPRegen 0.26/turn                (no ring)
MPRegen 0.09/turn                (no ring)
                                 (no ring)
                                 (no ring)

@: no status effects
A: almost no armour, amphibious, 8 rings, camouflage 1, gelatinous body 1,
nimble swimmer 1, tentacles
a: no special abilities


You were in a sewer.
You visited 1 branch of the dungeon, and saw 2 of its levels.
You also visited: Sewer.

You collected 13 gold pieces.

Inventory:

Wands
 e - a wand of digging (3)
Scrolls
 a - a scroll of fog


   Skills:
 - Level 3.0 Fighting
 - Level 2.0 Dodging
 - Level 6.6 Stealth
 + Level 5.2 Unarmed Combat


You had 4 spell levels left.
You didn't know any spells.
Your spell library was empty.

Dungeon Overview and Level Annotations

Branches:
Dungeon (5/15)              Sewer (1/1)
 Temple: D:4-7

Altars:


Innate Abilities, Weirdness & Mutations

You cannot wear most types of armour.
You are amphibious.
You can wear up to eight rings at the same time.
Your skin changes colour to match your surroundings (Stealth+).
Your rubbery body absorbs attacks. (AC +1, EV +1)
You are camouflaged when in or above water. (Stealth+)
You have tentacles for arms and can constrict up to eight enemies at once.


Message History

You kill the quokka!
No target in view!
No target in view!
A bullfrog comes into view.
The bullfrog gives a loud, deep croak!
You see here a scroll of blinking.
Aiming: Mindburst
Press: ? - help, Shift-Dir - straight line, f - bullfrog
Aim: a bullfrog (chance to affect: 64%)
The bullfrog's mind is blasted!!
The bullfrog croaks.
Aiming: Mindburst
Press: ? - help, Shift-Dir - straight line, f/p - bullfrog
Aim: a bullfrog (almost dead, chance to affect: 64%)
The bullfrog struggles to resist.
The bullfrog hits you.
Aiming: Mindburst
Press: ? - help, Shift-Dir - straight line, f/p - bullfrog
Aim: a bullfrog (almost dead, chance to affect: 64%)
The bullfrog struggles to resist.
The bullfrog hits you. The bullfrog barely misses you.
Aiming: Mindburst
Press: ? - help, Shift-Dir - straight line, f/p - bullfrog
Aim: a bullfrog (almost dead, chance to affect: 64%)
The bullfrog's mind is blasted!
You blow up the bullfrog!
The bullfrog hits you. x2
Your Unarmed Combat skill increases to level 5!
You have reached level 5!
You feel agile.
You tentacle-slap the bullfrog. You grab the bullfrog.
The bullfrog is lightly wounded.
You constrict the bullfrog. The bullfrog hits you!
Aiming: Mindburst
Press: ? - help, Shift-Dir - straight line, f - bullfrog
Aim: a bullfrog (moderately wounded, constricted by you, chance to affect: 64%)
The bullfrog struggles to resist.
The now-empty wand crumbles to dust.
You constrict the bullfrog. The bullfrog hits you!
* * * LOW HITPOINT WARNING * * *
The bullfrog hits you!
You die...

#.~~≈≈≈≈≈≈≈≈≈≈≈≈≈≈≈≈≈≈≈≈≈≈≈≈≈≈≈
#.~≈≈~~~~≈≈≈~~≈~~~~~~~~~~~~~~~~
#†~≈~~.†~~~~≈≈~≈~~.......†.~..~
#.~≈~.~≈≈≈≈≈~~≈≈≈≈≈≈≈~#######.~
#~~≈~.~≈≈≈≈≈≈≈≈≈≈≈≈≈~≈≈≈# #~†
#~~≈~~~≈≈≈≈~~.~≈≈≈≈≈≈~≈≈# #.~
#~~≈~~~≈≈≈†~.~~.~≈≈≈≈≈≈≈≈# #.~
#~†≈~~≈≈≈~≈≈.~.~?.≈≈≈≈≈≈≈# #~~
#~~≈~~~≈~≈≈†.~@)!).≈≈≈≈≈≈# #~~
#~~≈~≈≈~≈≈....~F(.~~≈≈≈≈≈# #~~
#.~≈≈≈≈≈≈≈~..~≈≈.~~≈≈≈≈≈≈# #~~
#.~≈≈≈#≈≈~~∩.≈≈≈≈≈≈≈≈≈≈≈##
#.~≈≈≈##≈≈≈~≈≈≈≈≈≈≈≈≈≈≈
#.~≈≈≈####≈≈≈≈≈≈≈≈≈≈≈≈# #.~≈≈~#
####≈≈≈≈≈≈#### #.~≈~ ########


You could see a bullfrog.

Vanquished Creatures
  A bullfrog (Sewer)
  A hound (D:4)
  An adder (D:4)
  An ufetubus (D:4)
  6 giant cockroaches
  A hobgoblin (D:4)
  5 quokkas (Sewer)
  4 ball pythons
  5 frilled lizards (Sewer)
  A kobold (D:4)
  3 rats (D:4)
29 creatures vanquished.

Notes
Turn   | Place    | Note
-------+----------+-------------------------------------------
     0 | D:5      | sscrono2 the Octopode Delver began the quest for the Orb.
     0 | D:5      | Reached XP level 1. HP: 16/16 MP: 1/1
    26 | D:5      | Noticed a phantom
    57 | D:4      | Reached XP level 2. HP: 4/21 MP: 2/2
   175 | D:4      | Reached XP level 3. HP: 6/26 MP: 3/3
   262 | D:4      | Found a glowing drain.
   284 | Sewer    | Entered a sewer
   371 | Sewer    | Reached XP level 4. HP: 31/31 MP: 4/4
   454 | Sewer    | Noticed a bullfrog
   521 | Sewer    | Noticed a bullfrog
   526 | Sewer    | Killed a bullfrog
   527 | Sewer    | Reached skill level 5 in Unarmed Combat
   527 | Sewer    | Reached XP level 5. HP: 20/36 MP: 5/5
   528 | Sewer    | Slain by a bullfrog

Illustrated notes

Levels and vault maps discovered:
D:4:      layout_basic, portal_sewer_entry_c, uniq_pikel
D:5:      layout_cave_pools
Sewer:    sewer_frog_island_01

Skill      XL: |  1  2  3  4 |
---------------+-------------+-----
Unarmed Combat | 3 4 5 |  5.2
Fighting       | |  3.0
Dodging        | |  2.0
Stealth        | |  6.6

Action                   |  1- 3 |  4- 6 || total
-------------------------+-------+-------++-------
Melee: Unarmed           |    42 |    15 ||    57
       Constrict         |    13 |     6 ||    19
       Tentacles         |     7 |     3 ||    10
       Punch             |     2 |     2 ||     4
Evoke: Wand              |       |     5 ||     5
  Use: Scroll            |     2 |       ||     2
       Potion            |     1 |       ||     1
 Stab: Sleeping          |     1 |     7 ||     8
Dodge: Dodged            |    22 |     6 ||    28

Table legend: (Time is in decaauts)
 A = Elapsed time spent in this place.
 B = Non-inter-level travel time spent in this place.
 C = Inter-level travel time spent in this place.
 D = Time resting spent in this place.
 E = Time spent auto-exploring this place.
 F = Levels seen in this place.
 G = Mean time per level.
                   A        B        C        D        E       F      G
               +--------+--------+--------+--------+--------+-----+--------+
         Total |    511 |    511 |      0 |    152 |    109 |   3 |  170.3 |
       Dungeon |    270 |    270 |      0 |    152 |      2 |   2 |  135.0 |
         Sewer |    241 |    241 |      0 |      0 |    107 |   1 |  241.0 |
               +--------+--------+--------+--------+--------+-----+--------+

Top non-repeatable levels by time:
   Sewer: 241 daAuts
     D:4: 229 daAuts
     D:5: 40 daAuts
